Map: Ultralove

Players

HUMAN - Winner!

  • Race: Protoss Protoss
  • League: Silver
  • Spawn Location: 7:00

일병테란

  • Race: Terran Terran
  • Spawn Location: 1:00

VOD

Have the link to the VOD?

Description

Time

  • Played on: Feb. 10, 2025, 6:52 a.m.
  • Length: 30:24
Show
View Real Time Build Order
Export as new Build Order

HUMAN Protoss - Winner!

Build Orders: 1 Gate Expand, Zealot Archon 

Get SALT Encoding   

  12  0:02  Probe  
  13  0:16  Pylon  
  13  0:17  Probe  
  14  0:29  Probe  
  15  0:36  Gateway  
  15  0:39  Probe  
  15  0:47  Probe  
  17  0:58  Probe  
  18  1:11  Assimilator, Probe  
  19  1:23  Nexus  
  19  1:30  Probe  
  20  1:35  Cybernetics Core  
  20  1:43  Probe  
  20  1:46  Assimilator  
  21  1:57  Probe  
  21  1:58  Pylon  
  22  2:05  Probe  
  22  2:13  Warp Gate  
  22  2:14  Probe  
  23  2:16  Adept  
  26  2:30  Probe  
  26  2:31  Robotics Facility  
  26  2:33  Probe  
  27  2:38  Probe  
  27  2:41  Probe  
  27  2:43  Stalker  
  29  2:46  Probe  
  33  2:51  Probe  
  33  2:58  Probe  
  35  3:01  Gateway  
  35  3:10  Twilight Council  
  35  3:11  Probe x2  
  37  3:18  Observer  
  38  3:22  Probe  
  38  3:25  Probe  
  40  3:30  Probe  
  40  3:36  Pylon  
  40  3:38  Probe  
  40  3:40  Probe  
  42  3:46  Charge  
  43  3:50  Gateway, Probe  
  43  3:52  Pylon, Probe  
  45  3:59  Gateway  
  45  4:02  Probe  
  46  4:03  Gateway  
  46  4:04  Probe  
  46  4:09  Pylon  
  47  4:12  Gateway  
  47  4:16  Immortal  
  46  4:29  Probe x2  
  52  4:37  Assimilator  
  52  4:39  Assimilator  
  52  4:41  Probe  
  53  4:47  Gateway  
  53  4:48  Gateway  
  53  4:54  Gateway  
  53  4:57  Blink  
  53  5:02  Warp Prism  
  55  5:09  Stalker x3  
  61  5:25  Templar Archives  
  61  5:34  Stalker x3  
  67  5:36  Forge  
  67  5:39  Forge  
  67  5:52  Stalker  
  69  6:03  Pylon  
  69  6:07  Pylon  
  69  6:11  Pylon  
  69  6:24  Pylon  
  69  6:26  High Templar x4  
  69  6:28  Zealot x4  
  85  6:38  Archon x2  
  85  6:40  Stalker  
  85  6:44  Pylon  
  87  6:47  Pylon  
  87  6:48  Protoss Ground Armor Level 1, Protoss Ground Weapons Level 1  
  85  7:21  Zealot x5  
  85  7:22  Zealot x4  
  89  7:43  Stalker x7  
  89  7:44  Stalker x2  
  101  8:21  High Templar x3  
  101  8:26  Zealot x3, Pylon  
  101  8:27  Zealot x3  
  113  8:28  Pylon  
  113  8:29  Archon  
  117  9:06  Nexus  
  117  9:07  Observer  
  117  9:08  Pylon  
  117  9:10  Pylon  
  118  9:20  Observer  
  118  9:27  Robotics Bay  
  119  9:38  Pylon, Observer  
  120  9:43  Pylon  
  120  9:44  Assimilator  
  120  9:49  Assimilator  
  120  9:56  Observer  
  121  10:12  Probe x2  
  121  10:13  Stargate, Observer  
  124  10:15  Stargate  
  124  10:16  Stargate  
  124  10:18  Probe  
  124  10:21  Stargate  
  125  10:24  Shield Battery, Probe x2  
  127  10:30  Probe  
  128  10:36  Probe  
  129  10:55  Gravitic Boosters  
  129  11:18  Fleet Beacon  
  129  11:48  Resonating Glaives  
  129  11:52  Observer  
  130  12:10  Observer  
  131  13:02  Observer  
  131  13:47  Observer  
  131  13:52  Unknown, Protoss Air Weapons Level 1, Flux Vanes  
  130  14:03  Cybernetics Core  
  130  14:11  Protoss Ground Armor Level 2, Protoss Shields Level 1  
  130  14:14  Tempest  
  130  14:15  Tempest x3  
  146  14:29  Observer  
  146  14:31  Nexus  
  146  14:33  Assimilator  
  146  14:37  Assimilator  
  146  14:39  Pylon, Anion Pulse-Crystals  
  146  14:42  Pylon  
  146  14:45  Pylon  
  146  15:05  Observer  
  146  15:12  Tempest x4  
  162  15:14  Forge  
  162  15:19  Observer  
  161  15:27  Observer  
  160  16:35  Tempest x4  
  172  17:18  Tempest x4  
  142  17:58  Tempest x3  
  142  17:59  Tempest  
  142  18:01  Protoss Ground Armor Level 3, Protoss Ground Weapons Level 2, Protoss Shields Level 2  
  158  18:13  Protoss Air Armor Level 1  
  158  18:16  Protoss Air Weapons Level 2  
  158  18:36  Tempest  
  158  18:37  Tempest x3  
  174  19:11  Mothership  
  182  19:19  Tempest x2  
  182  19:20  Tempest  
  194  19:28  Tempest  
  186  22:10  Protoss Air Weapons Level 3  
  186  22:14  Protoss Air Armor Level 2  
  182  23:28  Tempest  
  182  23:29  Tempest x3  
  182  23:39  Observer  
  197  24:39  Protoss Shields Level 3, Protoss Ground Weapons Level 3  
  197  24:45  Protoss Air Armor Level 3  
  197  25:15  Zealot  
  193  27:26  Pylon  
  183  29:58  Phoenix x3  
  183  29:59  Phoenix  
Show
View Real Time Build Order
Export as new Build Order

일병테란 Terran 

Build Orders:  

Get SALT Encoding   

  12  0:13  Supply Depot  
  12  0:18  Refinery  
  12  0:26  SCV  
  13  0:38  SCV  
  14  0:43  Barracks  
  14  0:50  SCV  
  15  1:02  SCV  
  16  1:18  SCV  
  17  1:30  SCV  
  18  1:46  Marine  
  19  1:52  Command Center  
  19  2:03  Marine  
  20  2:08  Supply Depot  
  20  2:12  SCV  
  21  2:21  Marine  
  22  2:24  SCV  
  23  2:30  Engineering Bay  
  23  2:39  Marine  
  23  2:40  SCV  
  25  2:46  Refinery  
  25  2:58  Factory  
  25  2:59  Barracks Tech Lab  
  25  3:06  Planetary Fortress  
  25  3:08  Bunker  
  25  3:13  Missile Turret  
  25  3:21  Marine  
  26  3:34  Missile Turret  
  26  3:38  Marine  
  26  3:39  Bunker  
  27  3:48  Factory Tech Lab  
  27  3:56  Marine  
  27  3:57  Missile Turret  
  27  4:00  Combat Shield  
  28  4:05  SCV  
  29  4:15  Missile Turret  
  30  4:17  SCV  
  30  4:18  Missile Turret  
  30  4:25  Marine  
  30  4:29  SCV  
  32  4:37  Missile Turret  
  32  4:39  Missile Turret  
  32  4:45  SCV  
  33  4:58  SCV  
  33  4:59  Missile Turret  
  34  5:07  Siege Tank  
  34  5:10  SCV  
  34  5:13  Missile Turret  
  38  5:22  Missile Turret  
  38  5:26  SCV  
  39  5:37  Missile Turret  
  39  5:38  SCV  
  40  5:43  Terran Infantry Weapons Level 1  
  40  5:46  Missile Turret  
  40  5:50  SCV  
  40  5:51  Orbital Command  
  41  5:58  Missile Turret  
  41  6:00  Siege Tank  
  44  6:07  SCV  
  45  6:15  Missile Turret  
  45  6:20  SCV  
  46  6:35  Supply Depot  
  46  6:36  Missile Turret  
  46  6:55  Missile Turret  
  46  6:56  SCV  
  46  6:57  Supply Depot  
  47  7:04  Missile Turret  
  47  7:08  SCV  
  47  7:09  Refinery  
  47  7:12  Siege Tank  
  51  7:21  SCV  
  47  7:23  Refinery  
  40  7:34  Marine  
  33  7:50  Command Center  
  33  7:51  Marine  
    8:58  Orbital Command  
    9:23  SCV  
  1  9:51  Orbital Command  
  1  10:15  Command Center  
  1  10:17  SCV  
  2  10:46  Supply Depot  
  2  10:50  SCV  
  3  11:02  SCV  
  4  11:10  Refinery  
  4  11:14  SCV  
  4  11:17  Barracks  
  5  11:26  SCV  
  6  11:38  SCV, Command Center  
  7  11:48  SCV  
  7  11:50  SCV  
  9  12:00  SCV  
  10  12:03  SCV  
  11  12:12  SCV  
  11  12:14  Bunker  
  11  12:15  SCV  
  13  12:24  SCV  
  13  12:25  Barracks Reactor  
  13  12:27  SCV  
  15  12:36  SCV  
  16  12:39  SCV  
  17  13:00  Engineering Bay  
  17  13:02  SCV  
  17  13:05  SCV  
  19  13:08  SCV  
  20  13:15  SCV  
  20  13:17  SCV  
  20  13:19  Engineering Bay  
  22  13:25  Marine x2  
  25  13:29  SCV  
  26  13:37  Planetary Fortress  
  26  13:38  Missile Turret  
  25  13:46  Marine x2  
  27  14:04  Marine  
  27  14:08  Bunker  
  28  14:11  Marine  
  29  14:19  Missile Turret  
  29  14:21  Marine  
  30  14:39  Command Center  
  30  14:41  Bunker  
  30  14:45  Marine x2  
  32  14:48  Terran Infantry Armor Level 1  
  32  14:58  Missile Turret  
  32  15:03  SCV, Marine  
  34  15:08  Missile Turret  
  34  15:15  SCV  
  34  15:21  Missile Turret  
  34  15:27  SCV  
  34  15:28  Missile Turret  
  35  15:29  Marine  
  36  15:41  Missile Turret  
  36  15:45  Marine  
  36  15:47  Marine  
  38  15:51  Bunker  
  38  15:53  Missile Turret  
  38  16:12  Missile Turret  
  38  16:19  Missile Turret  
  38  16:25  Marine x2  
  40  16:43  Marine x2  
  42  16:57  Missile Turret  
  42  17:01  Marine x2  
  43  17:03  Missile Turret  
  43  17:19  Marine  
  44  17:29  Marine  
  42  17:36  Marine  
  41  17:47  Marine  
  42  17:54  Marine  
  43  18:03  SCV  
  43  18:04  Marine  
  45  18:12  Marine  
  46  18:15  SCV  
  47  18:21  Bunker  
  47  18:22  Marine  
  48  18:27  SCV  
  48  18:30  Marine  
  48  18:32  SCV  
  51  18:39  SCV  
  51  18:40  Missile Turret, Marine  
  53  18:44  Missile Turret  
  53  18:45  SCV  
  53  18:48  Marine  
  55  18:51  SCV  
  55  18:52  Missile Turret  
  56  18:57  SCV  
  57  19:03  SCV  
  57  19:05  Missile Turret  
  57  19:09  SCV  
  59  19:12  Missile Turret  
  59  19:15  SCV  
  60  19:21  SCV  
  60  19:22  Missile Turret  
  61  19:27  SCV  
  62  19:33  SCV  
  62  19:34  Marine x2  
  65  19:40  SCV  
  65  19:42  Supply Depot  
  65  19:43  Missile Turret  
  66  19:49  Refinery  
  66  19:51  Marine  
  66  19:52  Marine  
  68  19:58  Factory  
  68  20:04  Supply Depot, Missile Turret  
  68  20:09  Marine x2  
  70  20:15  Planetary Fortress  
  70  20:17  Command Center  
  70  20:23  Refinery  
  70  20:24  Missile Turret  
  70  20:29  Refinery  
  70  20:33  Missile Turret  
  70  20:43  Missile Turret  
  70  20:54  Missile Turret  
  71  20:57  SCV  
  71  21:03  Missile Turret  
  71  21:09  SCV  
  71  21:11  Supply Depot  
  72  21:14  Missile Turret  
  72  21:16  Factory Tech Lab  
  72  21:21  SCV  
  72  21:24  Ghost Academy  
  73  21:27  SCV  
  73  21:32  Command Center  
  74  21:33  SCV  
  74  21:34  Supply Depot  
  74  21:38  Supply Depot  
  74  21:39  SCV  
  76  21:45  SCV  
  77  21:51  SCV  
  77  21:52  Siege Tank  
  81  21:55  Ghost Academy  
  81  21:56  Supply Depot  
  81  21:57  Planetary Fortress  
  81  22:00  Supply Depot  
  81  22:04  SCV  
  81  22:06  SCV  
  83  22:15  Missile Turret  
  83  22:16  SCV  
  83  22:18  SCV  
  83  22:20  Missile Turret  
  85  22:23  Missile Turret  
  85  22:24  Siege Tank  
  88  22:30  SCV  
  89  22:39  Supply Depot  
  89  22:43  SCV  
  90  22:44  Missile Turret  
  90  22:45  Ghost Academy  
  90  22:46  Missile Turret  
  90  22:54  Ghost Academy  
  90  22:55  SCV  
  90  22:56  Siege Tank  
  94  23:07  SCV  
  95  23:15  Ghost Academy  
  95  23:19  SCV  
  96  23:22  Personal Cloaking  
  96  23:25  Ghost Academy  
  96  23:26  Nuke  
  96  23:35  Supply Depot  
  96  23:50  Barracks  
  96  23:54  Missile Turret  
  96  23:57  Supply Depot  
  96  24:05  Marine x2  
  98  24:11  Infernal Pre-Igniter  
  98  24:14  Nuke x2  
  98  24:15  Nuke x2, Missile Turret  
  98  24:23  Missile Turret, Marine x2  
  100  24:27  Supply Depot  
  100  24:36  Ghost Academy  
  100  24:41  Marine x2  
  100  24:43  Missile Turret  
  100  24:45  Cyclone  
  105  24:47  Barracks Tech Lab  
  105  24:50  Supply Depot  
  105  24:54  Refinery  
  105  24:55  Orbital Command  
  105  24:59  Marine  
  106  25:07  Ghost Academy, Armory  
  106  25:12  Supply Depot  
  106  25:17  Cyclone  
  109  25:22  Nuke  
  109  25:32  Marine x2  
  110  25:49  Cyclone  
  111  25:50  Marine x2  
  98  26:08  Marine  
  98  26:09  Missile Turret  
  98  26:11  Marine  
  88  26:16  Missile Turret  
  88  26:18  Missile Turret  
  85  26:20  Missile Turret  
  85  26:25  Marine  
  84  26:26  Marine  
  84  26:29  Marine  
  77  26:43  Marine  
  77  26:44  Marine  
  77  26:46  Missile Turret, Marine  
  80  26:48  Missile Turret  
  80  26:51  Sensor Tower  
  80  26:54  Missile Turret  
  80  26:58  Missile Turret  
  80  27:00  Marine  
  80  27:01  Missile Turret  
  80  27:05  Missile Turret  
  80  27:06  Planetary Fortress  
  80  27:19  Missile Turret  
  80  27:23  Missile Turret  
  80  27:25  Missile Turret  
  80  27:27  Missile Turret  
  78  27:33  Missile Turret  
  78  27:36  Missile Turret  
  77  27:39  Missile Turret  
  77  27:40  Missile Turret  
  77  27:47  Missile Turret  
  77  27:50  Missile Turret  
  76  27:52  Missile Turret  
  76  27:54  Missile Turret  
  76  27:56  Missile Turret  
  72  28:00  Missile Turret  
  72  28:01  Missile Turret  
  65  28:08  Missile Turret  
  65  28:10  Missile Turret  
  62  28:14  Missile Turret  
Tags
 
Composition
Zealot Archon
League
Silver
Matchup
PvT
Spawn Locations
Cross Positions
Add a new tag
Caveats
  • Supply blocks, unpowered buildings, or Contaminate may cause inaccurate times.
  • Supply counts are checked every 10 seconds.